TOP OF THE 1ST |
Louisiana State University Tigers batting - Pitching for Coastal Carolina University Chanticleers : RHP Pedro Delgado
|
Pitching: RHP Pedro Delgado
|
|
Batting: LHB Elijah Mallandain
|
0-0: Ball 1-0: Foul Ball, location: 2F 1-1: Ball 2-1: Swinging Strike 2-2: Foul Ball, location: 2F 2-2: Foul Ball, location: 2F 2-2: Ball 3-2: Foul Ball, location: 2F 3-2: Ground out 5-3 (Groundball, 25, EV 74.4 MPH)
|
Batting: RHB Pete Roberts
|
0-0: Fly out, F4 (Line Drive, 4, EV 68.1 MPH)
|
Batting: LHB Manny Grado
|
0-0: Called Strike 0-1: Foul Ball, location: 2F 0-2: Strikes out swinging
|
Top of the 1st over - 0 runs, 0 hits, 0 errors, 0 left on base; Louisiana State University 0 - Coastal Carolina University 0 |
BOTTOM OF THE 1ST |
Coastal Carolina University Chanticleers batting - Pitching for Louisiana State University Tigers : LHP Jabari Harris
|
Pitching: LHP Jabari Harris
|
|
Batting: RHB Rene Napoles
|
0-0: Foul Ball, location: 2F 0-1: Called Strike 0-2: Ball 1-2: Ball 2-2: Ground out 6-3 (Groundball, 6, EV 106.2 MPH)
|
Batting: RHB Tristan Williams
|
0-0: Ball 1-0: Ball 2-0: Called Strike 2-1: Foul Ball, location: 2F 2-2: Strikes out swinging
|
Batting: LHB Orlando Hurtado
|
0-0: Foul Ball, location: 2F 0-1: Ball 1-1: Called Strike 1-2: Foul Ball, location: 2F 1-2: Ball 2-2: Foul Ball, location: 2F 2-2: Foul Ball, location: 2F 2-2: Ball 3-2: Base on Balls
|
Batting: RHB Tatsunori Ishigaki
|
0-0: Called Strike 0-1: Called Strike 0-2: Ball 1-2: Strikes out swinging
|
Bottom of the 1st over - 0 runs, 0 hits, 0 errors, 1 left on base; Louisiana State University 0 - Coastal Carolina University 0 |
TOP OF THE 2ND |
Louisiana State University Tigers batting - Pitching for Coastal Carolina University Chanticleers : RHP Pedro Delgado
|
Batting: RHB Keith Ashton
|
0-0: Called Strike 0-1: Called Strike 0-2: Strikes out swinging
|
Batting: RHB D.J. Ganz
|
0-0: Called Strike 0-1: Ground out 5-3 (Groundball, 56, EV 85.0 MPH)
|
Batting: RHB Leo Roldan
|
0-0: SINGLE (Line Drive, 9S, EV 96.9 MPH)
|
Batting: RHB Byung-hee Jee
|
0-0: Ball 1-0: Fly out, F6 (Popup, P, EV 85.6 MPH)
|
Top of the 2nd over - 0 runs, 1 hit, 0 errors, 1 left on base; Louisiana State University 0 - Coastal Carolina University 0 |
BOTTOM OF THE 2ND |
Coastal Carolina University Chanticleers batting - Pitching for Louisiana State University Tigers : LHP Jabari Harris
|
Batting: RHB Dennis Bennett
|
0-0: Ball 1-0: Foul Ball, location: 2F 1-1: Ball 2-1: Called Strike 2-2: SINGLE (Groundball, 3D, EV 97.5 MPH)
|
Batting: RHB Chris McDaniel
|
0-0: Called Strike 0-1: Called Strike 0-2: Foul Ball, location: 2F 0-2: Ball 1-2: Strikes out looking
|
Batting: LHB Ramelan Nasution
|
0-0: Foul Ball, location: 2F 0-1: Ball 1-1: Ball 2-1: Foul Ball, location: 2F 2-2: Strikes out swinging
|
Batting: LHB Justin Sanders
|
0-0: Called Strike 0-1: Foul Ball, location: 2F 0-2: Foul Ball, location: 2F 0-2: Ball 1-2: Ball 2-2: Ball 3-2: Strikes out swinging
|
Bottom of the 2nd over - 0 runs, 1 hit, 0 errors, 1 left on base; Louisiana State University 0 - Coastal Carolina University 0 |
TOP OF THE 3RD |
Louisiana State University Tigers batting - Pitching for Coastal Carolina University Chanticleers : RHP Pedro Delgado
|
Batting: SHB Paul Blaylock
|
0-0: Ball 1-0: Foul Ball, location: 2F 1-1: Foul Ball, location: 2F 1-2: Ball 2-2: Ground out 5-3 (Groundball, 56, EV 100.6 MPH)
|
Batting: LHB John Carter
|
0-0: Ground out 6-3 (Groundball, 6, EV 78.8 MPH)
|
Batting: LHB Elijah Mallandain
|
0-0: Ground out 4-3 (Groundball, 4M, EV 79.4 MPH)
|
Top of the 3rd over - 0 runs, 0 hits, 0 errors, 0 left on base; Louisiana State University 0 - Coastal Carolina University 0 |
BOTTOM OF THE 3RD |
Coastal Carolina University Chanticleers batting - Pitching for Louisiana State University Tigers : LHP Jabari Harris
|
Batting: LHB Jason Melek
|
0-0: Called Strike 0-1: Ball 1-1: Called Strike 1-2: Foul Ball, location: 2F 1-2: Ball 2-2: Ground out 4-3 (Groundball, 4, EV 80.6 MPH)
|
Pitching: RHP Jessie Amann
|
|
Batting: RHB Rene Napoles
|
0-0: Ball 1-0: Called Strike 1-1: Reached on error, E5 (Groundball, 56, EV 102.5 MPH)
|
Batting: RHB Tristan Williams
|
0-0: Ball 1-0: Called Strike 1-1: Ball 2-1: Foul Ball, location: 2F 2-2: Ball 3-2: Fielders Choice at 2nd, 6-4 (Groundball, 6, EV 107.5 MPH)
|
Batting: LHB Orlando Hurtado
|
0-0: Ball 1-0: Ball 2-0: Called Strike 2-1: Foul Ball, location: 2F 2-2: Fly out, F7 (Flyball, 78M, EV 85.0 MPH)
|
Bottom of the 3rd over - 0 runs, 0 hits, 1 error, 1 left on base; Louisiana State University 0 - Coastal Carolina University 0 |
TOP OF THE 4TH |
Louisiana State University Tigers batting - Pitching for Coastal Carolina University Chanticleers : RHP Pedro Delgado
|
Batting: RHB Pete Roberts
|
0-0: Ball 1-0: Ball 2-0: Ball 3-0: Base on Balls
|
Batting: LHB Manny Grado
|
0-0: Ball 1-0: Foul Ball, location: 2F 1-1: Ball 2-1: Ball 3-1: Grounds into double play, 6-4-3 (Groundball, 6, EV 94.4 MPH)
|
Batting: RHB Keith Ashton
|
0-0: Fly out, F9 (Flyball, 9, EV 84.4 MPH)
|
Top of the 4th over - 0 runs, 0 hits, 0 errors, 0 left on base; Louisiana State University 0 - Coastal Carolina University 0 |
BOTTOM OF THE 4TH |
Coastal Carolina University Chanticleers batting - Pitching for Louisiana State University Tigers : RHP Jessie Amann
|
Batting: RHB Tatsunori Ishigaki
|
0-0: Fly out, F9 (Flyball, 9, EV 96.2 MPH)
|
Batting: RHB Dennis Bennett
|
0-0: Called Strike 0-1: Ball 1-1: Foul Ball, location: 2F 1-2: Ground out U3 (Groundball, 34, EV 80.6 MPH)
|
Batting: RHB Chris McDaniel
|
0-0: Ball 1-0: Ball 2-0: Called Strike 2-1: SINGLE (Groundball, 56, EV 104.4 MPH) (infield hit)
|
Batting: LHB Ramelan Nasution
|
0-0: Ball Chris McDaniel steals 2nd, throwing error, E2 Chris McDaniel to third 1-0: Fly out, F5 (Popup, 5SF, EV 79.4 MPH)
|
Bottom of the 4th over - 0 runs, 1 hit, 1 error, 1 left on base; Louisiana State University 0 - Coastal Carolina University 0 |
TOP OF THE 5TH |
Louisiana State University Tigers batting - Pitching for Coastal Carolina University Chanticleers : RHP Pedro Delgado
|
Batting: RHB D.J. Ganz
|
0-0: Ball 1-0: Ball 2-0: Ball 3-0: Called Strike 3-1: Swinging Strike 3-2: SINGLE (Line Drive, 7S, EV 99.4 MPH)
|
Batting: RHB Leo Roldan
|
0-0: Called Strike 0-1: Foul Ball, location: 2F 0-2: Fielders Choice at 2nd, 2-6 (Groundball, 2R, EV 73.8 MPH)
|
Batting: RHB Byung-hee Jee
|
0-0: Called Strike Leo Roldan steals 2nd base 0-1: Ball 1-1: Swinging Strike 1-2: Strikes out swinging
|
Batting: SHB Paul Blaylock
|
0-0: Ball 1-0: Called Strike 1-1: Foul Ball, location: 2F 1-2: Foul Ball, location: 2F 1-2: Strikes out swinging
|
Top of the 5th over - 0 runs, 1 hit, 0 errors, 1 left on base; Louisiana State University 0 - Coastal Carolina University 0 |
BOTTOM OF THE 5TH |
Coastal Carolina University Chanticleers batting - Pitching for Louisiana State University Tigers : RHP Jessie Amann
|
Batting: LHB Justin Sanders
|
0-0: Called Strike 0-1: Ball 1-1: Foul Ball, location: 2F 1-2: Fly out, F8 (Flyball, 8LM, EV 87.5 MPH)
|
Batting: LHB Jason Melek
|
0-0: Ground out 4-3 (Groundball, 4, EV 80.6 MPH)
|
Batting: RHB Rene Napoles
|
0-0: Ball 1-0: Ball 2-0: Ground out 6-3 (Groundball, 6MS, EV 64.4 MPH)
|
Bottom of the 5th over - 0 runs, 0 hits, 0 errors, 0 left on base; Louisiana State University 0 - Coastal Carolina University 0 |
TOP OF THE 6TH |
Louisiana State University Tigers batting - Pitching for Coastal Carolina University Chanticleers : RHP Pedro Delgado
|
Batting: LHB John Carter
|
0-0: Ball 1-0: Ball 2-0: Called Strike 2-1: Foul Ball, location: 2F 2-2: Ball 3-2: Foul Ball, location: 2F 3-2: Strikes out looking
|
Batting: LHB Elijah Mallandain
|
0-0: Foul Ball, location: 2F 0-1: Ball 1-1: Ball 2-1: Called Strike 2-2: Ground out 6-3 (Groundball, 6, EV 91.2 MPH)
|
Batting: RHB Pete Roberts
|
0-0: Ball 1-0: Swinging Strike 1-1: Ball 2-1: Ground out 4-3 (Groundball, 4, EV 97.5 MPH)
|
Top of the 6th over - 0 runs, 0 hits, 0 errors, 0 left on base; Louisiana State University 0 - Coastal Carolina University 0 |
BOTTOM OF THE 6TH |
Coastal Carolina University Chanticleers batting - Pitching for Louisiana State University Tigers : RHP Jessie Amann
|
Batting: RHB Tristan Williams
|
0-0: Ground out 6-3 (Groundball, 6, EV 103.8 MPH)
|
Batting: LHB Orlando Hurtado
|
0-0: Ball 1-0: Ball 2-0: Called Strike 2-1: SINGLE (Groundball, 6D, EV 107.5 MPH)
|
Batting: RHB Tatsunori Ishigaki
|
0-0: Called Strike Orlando Hurtado is caught stealing 2nd base 2-4 0-1: SINGLE (Groundball, 6MD, EV 96.2 MPH)
|
Batting: RHB Dennis Bennett
|
0-0: Called Strike Tatsunori Ishigaki steals 2nd base 0-1: Ball 1-1: Ball 2-1: Foul Ball, location: 2F 2-2: Ground out 4-3 (Groundball, 34, EV 89.4 MPH)
|
Bottom of the 6th over - 0 runs, 2 hits, 0 errors, 1 left on base; Louisiana State University 0 - Coastal Carolina University 0 |
TOP OF THE 7TH |
Louisiana State University Tigers batting - Pitching for Coastal Carolina University Chanticleers : RHP Pedro Delgado
|
Batting: LHB Manny Grado
|
0-0: Swinging Strike 0-1: Foul Ball, location: 2F 0-2: Strikes out looking
|
Pitching: RHP Tony Jaggie
|
|
Pinch Hitting: RHB Winston Vasquez
|
0-0: SINGLE (Groundball, 6M, EV 105.6 MPH) (infield hit)
|
Batting: RHB D.J. Ganz
|
0-0: Grounds into double play, 4-6-3 (Groundball, 34, EV 103.1 MPH)
|
Top of the 7th over - 0 runs, 1 hit, 0 errors, 0 left on base; Louisiana State University 0 - Coastal Carolina University 0 |
BOTTOM OF THE 7TH |
Coastal Carolina University Chanticleers batting - Pitching for Louisiana State University Tigers : RHP Jessie Amann
|
Pitching: LHP Bob Arms
|
|
Now at 2B: Winston Vasquez
|
|
Batting: RHB Chris McDaniel
|
0-0: Fly out, F8 (Flyball, 8LD, EV 97.5 MPH)
|
Batting: LHB Ramelan Nasution
|
0-0: Ball 1-0: Ground out U3 (Groundball, 3L, EV 83.1 MPH)
|
Batting: LHB Justin Sanders
|
0-0: Ball 1-0: Foul Ball, location: 2F 1-1: Ball 2-1: Called Strike 2-2: Ground out 4-3 (Groundball, 4D, EV 110.0 MPH)
|
Bottom of the 7th over - 0 runs, 0 hits, 0 errors, 0 left on base; Louisiana State University 0 - Coastal Carolina University 0 |
TOP OF THE 8TH |
Louisiana State University Tigers batting - Pitching for Coastal Carolina University Chanticleers : RHP Tony Jaggie
|
Pitching: RHP Pedro Magdaleno
|
|
Pinch Hitting: SHB Brian Caruso
|
0-0: Ball 1-0: Called Strike 1-1: Ball 2-1: Ball 3-1: Called Strike 3-2: Strikes out swinging
|
Batting: RHB Byung-hee Jee
|
0-0: Ball 1-0: Ball 2-0: Ball 3-0: Called Strike 3-1: Swinging Strike 3-2: Ground out 6-3 (Groundball, 56, EV 105.6 MPH)
|
Batting: SHB Paul Blaylock
|
0-0: Ball 1-0: Swinging Strike 1-1: Ground out U3 (Groundball, 3L, EV 88.1 MPH)
|
Top of the 8th over - 0 runs, 0 hits, 0 errors, 0 left on base; Louisiana State University 0 - Coastal Carolina University 0 |
BOTTOM OF THE 8TH |
Coastal Carolina University Chanticleers batting - Pitching for Louisiana State University Tigers : LHP Bob Arms
|
Now in LF: Brian Caruso
|
|
Batting: LHB Jason Melek
|
0-0: Ball 1-0: Ball 2-0: Called Strike 2-1: Fly out, F8 (Flyball, 8RXD, EV 91.2 MPH)
|
Batting: RHB Rene Napoles
|
0-0: Foul Ball, location: 2F 0-1: Foul Ball, location: 2F 0-2: Ball 1-2: Ball 2-2: Fly out, F9 (Flyball, 9LMF, EV 85.0 MPH)
|
Batting: RHB Tristan Williams
|
0-0: Called Strike 0-1: Ground out 6-3 (Groundball, 6, EV 103.1 MPH)
|
Bottom of the 8th over - 0 runs, 0 hits, 0 errors, 0 left on base; Louisiana State University 0 - Coastal Carolina University 0 |
TOP OF THE 9TH |
Louisiana State University Tigers batting - Pitching for Coastal Carolina University Chanticleers : RHP Pedro Magdaleno
|
Batting: LHB John Carter
|
0-0: Ball 1-0: Foul Ball, location: 2F 1-1: Foul Ball, location: 2F 1-2: Strikes out swinging wild pitch, reaches first!
|
Batting: LHB Elijah Mallandain
|
0-0: Bunted foul 0-1: Ball 1-1: Sac Bunt to P - play at first, batter OUT! 1-3 John Carter to second
|
Batting: RHB Pete Roberts
|
0-0: Fly out, F9 (Flyball, 89S, EV 93.1 MPH)
|
Batting: LHB Manny Grado
|
0-0: Intentional Walk
|
Batting: RHB Winston Vasquez
|
0-0: Called Strike 0-1: Ball 1-1: Ball 2-1: Foul Ball, location: 2F 2-2: Ball 3-2: Base on Balls John Carter to third Manny Grado to second
|
Batting: RHB D.J. Ganz
|
0-0: Ball 1-0: Foul Ball, location: 2F 1-1: Foul Ball, location: 2F 1-2: Fielders Choice at 2nd, 6-4 (Groundball, 6, EV 86.9 MPH)
|
Top of the 9th over - 0 runs, 0 hits, 0 errors, 3 left on base; Louisiana State University 0 - Coastal Carolina University 0 |
BOTTOM OF THE 9TH |
Coastal Carolina University Chanticleers batting - Pitching for Louisiana State University Tigers : LHP Bob Arms
|
Pitching: RHP Isaiah Keys
|
|
Batting: LHB Orlando Hurtado
|
0-0: Ball 1-0: Ball 2-0: Ball 3-0: Called Strike 3-1: Ground out 6-3 (Groundball, 6, EV 104.4 MPH)
|
Pinch Hitting: RHB Mike Grogan
|
0-0: Ball 1-0: Swinging Strike 1-1: Called Strike 1-2: Ball 2-2: Ball 3-2: Strikes out swinging
|
Batting: RHB Dennis Bennett
|
0-0: Called Strike 0-1: Foul Ball, location: 2F 0-2: Fly out, F9 (Flyball, 9LD, EV 83.1 MPH)
|
Bottom of the 9th over - 0 runs, 0 hits, 0 errors, 0 left on base; Louisiana State University 0 - Coastal Carolina University 0 |
TOP OF THE 10TH |
Louisiana State University Tigers batting - Pitching for Coastal Carolina University Chanticleers : RHP Pedro Magdaleno
|
Pitching: LHP David Medina
|
|
Now at 2B: Mike Grogan
|
|
Batting: SHB Brian Caruso
|
0-0: Foul Ball, location: 2F 0-1: Swinging Strike 0-2: SINGLE (Groundball, 6MD, EV 104.4 MPH)
|
Batting: RHB Byung-hee Jee
|
0-0: Bunt missed! 0-1: Sac Bunt to 25 - play at second, runner OUT! 5-6
|
Batting: SHB Paul Blaylock
|
0-0: Ball 1-0: Ball 2-0: Ball 3-0: Base on Balls Byung-hee Jee to second
|
Batting: LHB John Carter
|
0-0: Ball 1-0: Foul Ball, location: 2F 1-1: Sac Bunt to 5S - play at first, batter OUT! 5-4 Byung-hee Jee to third Paul Blaylock to second
|
Batting: LHB Elijah Mallandain
|
0-0: Foul Ball, location: 2F 0-1: Ball 1-1: Foul Ball, location: 2F 1-2: Ball 2-2: Strikes out swinging
|
Top of the 10th over - 0 runs, 1 hit, 0 errors, 2 left on base; Louisiana State University 0 - Coastal Carolina University 0 |
BOTTOM OF THE 10TH |
Coastal Carolina University Chanticleers batting - Pitching for Louisiana State University Tigers : RHP Isaiah Keys
|
Batting: RHB Chris McDaniel
|
0-0: Ball 1-0: Ground out 5-3 (Groundball, 56, EV 80.0 MPH)
|
Batting: LHB Ramelan Nasution
|
0-0: Ball 1-0: Ball 2-0: Foul Ball, location: 2F 2-1: Foul Ball, location: 2F 2-2: Strikes out looking
|
Batting: LHB Justin Sanders
|
0-0: Swinging Strike 0-1: Ball 1-1: Ball 2-1: Foul Ball, location: 2F 2-2: Ball 3-2: SINGLE (Groundball, 56D, EV 108.8 MPH)
|
Pinch Hitting: LHB Nate Kokx
|
0-0: Called Strike Justin Sanders is caught stealing 2nd base 2-6
|
Bottom of the 10th over - 0 runs, 1 hit, 0 errors, 0 left on base; Louisiana State University 0 - Coastal Carolina University 0 |
TOP OF THE 11TH |
Louisiana State University Tigers batting - Pitching for Coastal Carolina University Chanticleers : LHP David Medina
|
Now at C: Fernando Tovar
|
|
Batting: RHB Pete Roberts
|
0-0: Fly out, F7 (Flyball, 78D, EV 103.1 MPH)
|
Batting: LHB Manny Grado
|
0-0: Ball 1-0: Foul Ball, location: 2F 1-1: Swinging Strike 1-2: Ball 2-2: Ball 3-2: Ground out U3 (Groundball, 34, EV 78.1 MPH)
|
Batting: RHB Winston Vasquez
|
0-0: Foul Ball, location: 2F 0-1: Ball 1-1: Called Strike 1-2: SINGLE (Groundball, 56D, EV 97.5 MPH)
|
Batting: RHB D.J. Ganz
|
0-0: Ball 1-0: Ball Winston Vasquez is caught stealing 2nd base 2-4
|
Top of the 11th over - 0 runs, 1 hit, 0 errors, 0 left on base; Louisiana State University 0 - Coastal Carolina University 0 |
BOTTOM OF THE 11TH |
Coastal Carolina University Chanticleers batting - Pitching for Louisiana State University Tigers : RHP Isaiah Keys
|
Batting: RHB Fernando Tovar
|
0-0: Called Strike 0-1: SOLO HOME RUN (Flyball, 78XD, EV 103.1 MPH), Distance : 415 ft
|
Bottom of the 11th over - 1 run, 1 hit, 0 errors, 0 left on base; Louisiana State University 0 - Coastal Carolina University 1 |
|